 Dungeon Crawl Stone Soup version 0.21.1-1-g345015f (webtiles) character file.

3931 Silverflame8080 the Protected (level 10, -1/80 HPs)
             Began as a Minotaur Fighter on Feb 18, 2018.
             Was a Priest of the Shining One.
             Slain by a two-headed ogre
             ... wielding a cursed +0 giant club
              (20 damage)
             ... on level 8 of the Dungeon on Feb 19, 2018.
             The game lasted 01:19:53 (9105 turns).

Silverflame8080 the Protected (Minotaur Fighter)    Turns: 9105, Time: 01:19:56

Health: -1/80      AC: 17    Str: 22    XL:     10   Next: 1%
Magic:  13/13      EV:  8    Int:  5    God:    the Shining One [***...]
Gold:   368        SH:  0    Dex: 12    Spells: 10/14 levels left

rFire    . . .     SeeInvis .   a - +1 scythe
rCold    . . .     Gourm    .   (shield currently unavailable)
rNeg     + . .     Faith    .   s - +2 plate armour
rPois    .         Spirit   .   o - +1 hat
rElec    .         Reflect  .   (no cloak)
rCorr    .         Harm     .   (no gloves)
MR       .....                  (no boots)
Stlth    ..........             e - amulet of magic regeneration
HPRegen  0.23/turn              (no ring)
MPRegen  0.38/turn              (no ring)

@: lethally poisoned (-1 -> -9), glowing
A: retaliatory headbutt, horns 2, no air magic, no summoning magic, no
transmutations magic
a: Divine Shield, Renounce Religion


You were on level 8 of the Dungeon.
You worshipped the Shining One.
The Shining One was most pleased with you.
You were not hungry.

You visited 2 branches of the dungeon, and saw 9 of its levels.
You also visited: Ossuary.

You collected 368 gold pieces.

Inventory:

Hand Weapons
 a - a +1 scythe (weapon)
 b - a +0 shortbow
 i - a +0 long sword
 v - a +2 trident
 B - a +0 blowgun
 G - a +2 long sword
Missiles
 k - 31 bolts
 m - 33 poisoned needles
 n - 132 stones (quivered)
 p - 5 curare-tipped needles
 r - 3 javelins
 z - 55 sling bullets
 A - 35 arrows
Armour
 c - a +0 shield
 o - a +1 hat (worn)
 s - a +2 plate armour (worn)
Jewellery
 e - an amulet of magic regeneration (around neck)
 q - a +4 ring of strength {unknown}
 t - an uncursed ring of fire {unknown}
 w - a cursed ring of teleportation {unknown}
Wands
 u - a wand of disintegration (12)
Scrolls
 g - 2 scrolls of fog
 h - a scroll of teleportation
 l - 5 scrolls of remove curse
 E - 3 scrolls of amnesia
 H - 2 scrolls of identify
Potions
 d - a potion of might
 j - 2 potions of brilliance {unknown}
 x - 2 potions of lignification {unknown}
 C - a potion of ambrosia {unknown}
 D - a potion of experience {unknown}
 J - 2 potions of heal wounds
 L - a potion of degeneration {unknown}
Books
 y - a book of Debilitation

   Spells                             Type                      Level
   a - Corona                         Hexes                        1
   b - Slow                           Hexes                        2
   c - Inner Flame                    Hexes/Fire                   3
   d - Portal Projectile              Hexes/Translocation          3
   e - Cause Fear                     Hexes                        4
   f - Leda's Liquefaction            Hexes/Earth                  4
 F - a book of Geomancy

   Spells                             Type                      Level
   a - Sandblast                      Earth                        1
   b - Passwall                       Transmutation/Earth          2
   c - Stone Arrow                    Conjuration/Earth            3
   d - Petrify                        Transmutation/Earth          4
   e - Lee's Rapid Deconstruction     Earth                        5
Comestibles
 f - 10 rations


   Skills:
 - Level 4.7 Fighting
 - Level 5.0 Long Blades
 + Level 8.6 Polearms
 - Level 3.2 Bows
 + Level 4.4 Throwing
 - Level 8.9 Armour
 * Level 3.7 Dodging
 - Level 1.1 Stealth
 - Level 5.4 Shields
 - Level 2.7 Spellcasting
 * Level 1.6 Conjurations
 * Level 1.1 Earth Magic


You had 10 spell levels left.
You knew the following spells:

 Your Spells              Type           Power        Failure   Level  Hunger
a - Stone Arrow           Conj/Erth      #.....       100%        3    ####...
b - Sandblast             Erth           #.....       98%         1    ##.....


Dungeon Overview and Level Annotations

Branches:
Dungeon (8/15)             Temple (1/1) D:5
   Lair: D:8-11

Altars:
Ashenzari
Cheibriados
Dithmenos
Elyvilon
Fedhas
Gozag
Hepliaklqana
Makhleb
Nemelex Xobeh
Okawaru
Qazlal
Ru
Trog
Uskayaw
Wu Jian
Xom
Yredelemnul
Zin
The Shining One


Innate Abilities, Weirdness & Mutations

You reflexively headbutt those who attack you in melee.
You have a pair of horns on your head.
You cannot study or cast Air magic.
You cannot study or cast Summoning magic.
You cannot study or cast Transmutations magic.


Message History

The two-headed ogre hits you with a giant club!
The two-headed ogre barely misses you.
You hit the two-headed ogre.
The two-headed ogre is moderately wounded.
You feel sick.
You hit the two-headed ogre but do no damage.
The two-headed ogre is moderately wounded.
You feel sick.
The two-headed ogre hits you with a giant club.
The two-headed ogre barely misses you.
The ogre hits you with a giant spiked club!
You feel sick.
You slash the two-headed ogre!
The two-headed ogre is heavily wounded.
You feel sick.
The two-headed ogre hits you with a giant club!
* * * LOW HITPOINT WARNING * * *
The two-headed ogre hits you but does no damage.
The two-headed ogre hits you with a giant club!!
You die...

#.# ###.# #...#
##..# ##..# ..
#..<# ### #..
##.## ..# ...
#.######.###.###
#.....@#.#......
####..#O#........
#.....#O.........
###.#......#....
#.......#......
######### .(...
.... .## ).


You could see a two-headed ogre and an ogre.

Vanquished Creatures
  The ghost of teukkam the Fighter, a novice HOMo of Beogh (D:6)
  The ghost of Frank the Slasher, a novice OpFi (D:4)
  Sigmund (D:3)
  A spriggan (D:7)
  A hungry ghost (D:2)
  2 water moccasins
  An ice beast (D:6)
  6 ogres
  3 phantoms
  2 centaurs
  A bullfrog (D:6)
  3 water moccasin zombies (Ossuary)
  2 scorpions (D:5)
  3 wights (D:7)
  2 crimson imps
  A jelly (D:6)
  3 iron imps (D:6)
  A centaur skeleton (D:6)
  3 orc priests
  An orc wizard (D:3)
  12 worker ants
  5 big kobold zombies (Ossuary)
  2 mummies (Ossuary)
  4 gnolls (D:3)
  11 adders
  A river rat (D:3)
  2 shadow imps
  3 oozes
  5 adder zombies (Ossuary)
  4 worms
  3 dart slugs
  A leopard gecko (D:1)
  14 orcs
  2 ball pythons
  7 bats
  7 giant cockroaches
  2 gnoll zombies (D:2)
  9 hobgoblins
  14 jackals
  A quokka (D:3)
  4 frilled lizards
  5 goblins (D:1)
  8 hobgoblin zombies (Ossuary)
  A jackal zombie (D:5)
  6 kobolds
  4 kobold zombies (Ossuary)
  A leopard gecko zombie (D:5)
  4 orc zombies (Ossuary)
  A quokka skeleton (D:4)
  A quokka zombie (D:6)
  10 rats
193 creatures vanquished.

Vanquished Creatures (others)
  A hobgoblin (D:2)
  A rat (D:2)
2 creatures vanquished.

Grand Total: 195 creatures vanquished

Notes
Turn   | Place    | Note
-------+----------+-------------------------------------------
     0 | D:1      | Silverflame8080 the Minotaur Fighter began the quest for the Orb.
     0 | D:1      | Reached XP level 1. HP: 19/19 MP: 0/0
   117 | D:1      | Reached XP level 2. HP: 22/27 MP: 1/1
   560 | D:1      | Reached XP level 3. HP: 33/33 MP: 2/2
   743 | D:2      | Found a sacrificial altar of Ru.
   763 | D:2      | Became a worshipper of Ru the Awakened
   884 | D:2      | Reached skill level 1 in Dodging
   884 | D:2      | Reached XP level 4. HP: 32/40 MP: 3/3
  1033 | D:2      | Noticed a hungry ghost
  1044 | D:2      | Killed a hungry ghost
  1044 | D:2      | Reached skill level 1 in Throwing
  1044 | D:2      | Reached XP level 5. HP: 39/46 MP: 4/4
  1122 | D:2      | Found a basalt altar of Yredelemnul.
  1439 | D:3      | Noticed Sigmund
  1451 | D:3      | Killed Sigmund
  1451 | D:3      | Reached skill level 5 in Armour
  1451 | D:3      | Reached XP level 6. HP: 17/53 MP: 5/5
  1871 | D:3      | Reached skill level 5 in Long Blades
  2193 | D:3      | Reached XP level 7. HP: 37/60 MP: 7/7
  2365 | D:3      | Reached skill level 1 in Spellcasting
  2429 | D:3      | Found a white marble altar of Elyvilon.
  2653 | D:3      | Reached skill level 1 in Polearms
  2817 | D:4      | Gained mutation: You cannot study or cast Air magic. [Ru sacrifice]
  2817 | D:4      | Gained mutation: You cannot study or cast Transmutations magic. [Ru sacrifice]
  2817 | D:4      | Gained mutation: You cannot study or cast Summoning magic. [Ru sacrifice]
  2817 | D:4      | Reached * piety under Ru
  3048 | D:4      | Noticed Frank's ghost (novice OpFi)
  3068 | D:4      | Killed Frank's ghost
  3068 | D:4      | Reached skill level 5 in Shields
  3071 | D:4      | Reached XP level 8. HP: 65/67 MP: 9/9
  3481 | D:4      | Found a blossoming altar of Fedhas.
  4219 | D:5      | Entered Level 5 of the Dungeon
  4254 | D:5      | Reached skill level 1 in Stealth
  4663 | D:5      | Reached skill level 1 in Bows
  5203 | D:5      | Found a staircase to the Ecumenical Temple.
  5219 | Temple   | Entered the Ecumenical Temple
  5683 | Temple   | Fell from the grace of Ru
  5683 | Temple   | Became a worshipper of the Shining One
  5815 | D:5      | Reached skill level 5 in Polearms
  6270 | D:6      | Noticed teukkam's ghost (novice HOMo)
  6281 | D:6      | Found a shimmering altar of Xom.
  6525 | D:6      | Reached XP level 9. HP: 36/72 MP: 11/11
  6929 | D:6      | Found a burning altar of Makhleb.
  6938 | D:6      | HP: 3/72 [poisoned by a water moccasin]
  6944 | D:6      | HP: 3/72 [poisoned by a water moccasin]
  6952 | D:6      | HP: 2/72 [poisoned by a water moccasin]
  6975 | D:6      | HP: 3/72 [scorpion (3)]
  7360 | D:6      | Killed teukkam's ghost
  7360 | D:6      | Reached * piety under the Shining One
  7573 | D:6      | Found a glowing golden altar of the Shining One.
  7914 | D:7      | Learned a level 3 spell: Stone Arrow
  7916 | D:7      | Learned a level 1 spell: Sandblast
  8171 | D:7      | Reached skill level 1 in Conjurations
  8305 | D:7      | Found a sand-covered staircase.
  8332 | Ossuary  | Entered an ossuary
  8471 | Ossuary  | Reached ** piety under the Shining One
  8588 | Ossuary  | Reached *** piety under the Shining One
  8643 | Ossuary  | Reached **** piety under the Shining One
  9039 | D:7      | Reached skill level 1 in Earth Magic
  9095 | D:8      | Noticed a two-headed ogre
  9101 | D:8      | Reached XP level 10. HP: 63/80 MP: 13/13
  9105 | D:8      | Slain by a two-headed ogre

Skill      XL: |  1  2  3  4  5  6  7  8  9 |
---------------+----------------------------+-----
Armour         | 4 5 6 7 8 |  8.9
Long Blades    | 3 4 5 |  5.0
Shields        | 4 5 |  5.4
Fighting       | 4 |  4.7
Dodging        | 1 2 3 |  3.7
Throwing       | 1 2 3 4 |  4.4
Spellcasting   | 1 2 |  2.7
Polearms       | 2 5 8 |  8.6
Stealth        | 1 |  1.1
Bows           | 1 3 |  3.2
Conjurations   | 1 |  1.6
Earth Magic    | 1 |  1.1

Action                   |  1- 3 |  4- 6 |  7- 9 | 10-12 || total
-------------------------+-------+-------+-------+-------++-------
Melee: Long sword        |    98 |    86 |    90 |       ||   274
       Headbutt          |    16 |    19 |    65 |       ||   100
       Scythe            |       |       |   264 |     3 ||   267
 Fire: Blowgun           |       |     5 |       |       ||     5
       Shortbow          |       |       |    77 |       ||    77
Throw: Stone             |    15 |    19 |     1 |       ||    35
       Javelin           |       |     6 |    22 |       ||    28
Invok: Sacrifice Arcana  |       |       |     1 |       ||     1
       Divine Shield     |       |       |     1 |       ||     1
Evoke: Wand              |       |       |    12 |       ||    12
  Use: Potion            |       |     3 |     3 |       ||     6
       Scroll            |       |     4 |    14 |       ||    18
 Stab: Distracted        |       |       |     1 |       ||     1
  Eat: Chunk             |       |     7 |     7 |       ||    14
       Ration            |       |       |     5 |       ||     5
Armor: Scale mail        |    40 |    39 |    32 |       ||   111
       Plate armour      |       |       |   221 |     1 ||   222
Dodge: Dodged            |    35 |    32 |   136 |     2 ||   205
Block: Shield            |    57 |    47 |    40 |       ||   144
       Other             |       |       |     1 |       ||     1
       Rpst.: Long sword |    10 |     6 |     5 |       ||    21
